 Dungeon Crawl Stone Soup version 0.30-a0-718-geaa24f58ff (webtiles) character file.

Game seed: 17749070407518091095

50 Darius099 the Ruffian (level 3, 0/36 HPs)
             Began as a Troll Monk on Jan 25, 2023.
             Killed from afar by Sigmund (3 damage)
             ... with a magic dart
             ... on level 2 of the Dungeon.
             The game lasted 00:02:49 (917 turns).

Darius099 the Ruffian (Troll Monk)                   Turns: 917, Time: 00:02:50

Health: 0/36       AC:  4    Str: 19    XL:     3   Next: 55%
Magic:  2/2        EV: 10    Int:  6    God:
Gold:   185        SH:  0    Dex: 14    Spells: 2/2 levels left

rFire   . . .      SeeInvis .      - Unarmed
rCold   . . .      Faith    .    (no shield)
rNeg    . . .      Spirit   .    a - +0 robe
rPois   .          Reflect  .    (helmet restricted)
rElec   .          Harm     .    (no cloak)
rCorr   .          Rampage  .    (gloves unavailable)
Will    .....                    (boots unavailable)
Stlth   ++                       (no amulet)
HPRegen 1.06/turn                (no ring)
MPRegen 0.08/turn                (no ring)

@: no status effects
A: large, unfitting armour, claws 3, regeneration 1, shaggy fur 1, tough skin 1
a: no special abilities


You were on level 2 of the Dungeon.
You visited 1 branch of the dungeon, and saw 2 of its levels.

You collected 185 gold pieces.

Inventory:

Armour
 a - a +0 robe (worn)
Scrolls
 f - 2 scrolls of poison {unknown}
 g - a scroll of fog {unknown}
 h - a scroll of fear {unknown}
 i - a scroll of brand weapon {unknown}
Potions
 b - 3 potions of ambrosia
 c - 2 potions of attraction {unknown}
 d - a potion of mutation {unknown}
 e - a potion of flight {unknown}
 j - a potion of degeneration {unknown}


   Skills:
 - Level 2.7 Fighting
 - Level 2.7 Dodging
 - Level 1.3 Stealth
 + Level 3.7 Unarmed Combat


You had 2 spell levels left.
You didn't know any spells.
Your spell library contained the following spells:

 Spells                   Type           Power      Damage    Failure   Level
 Vhi's Electric Charge    Tloc/Air       0%         N/A       83%         3
 Arcjolt                  Conj/Air       0%         1d10      100%        5
 Maxwell's Capacitive Co  Air            0%         ∞         100%        8


Dungeon Overview and Level Annotations

Branches:
Dungeon (2/15)

Altars:

Annotations:
D:2 Sigmund


Innate Abilities, Weirdness & Mutations

You are too large for most types of armour.
You have claws for hands.
Your natural rate of healing is unusually fast.
You are covered in fur. (AC +1)
You have tough skin. (AC +1)


Message History

No target in view!
Unknown command.
There is a strange disturbance nearby!
Unknown command.
There is a strange disturbance nearby!
Unknown command.
There is a strange disturbance nearby!
Unknown command.
There is a strange disturbance nearby!
Unknown command.
There is a strange disturbance nearby!
Unknown command.
No target in view!
Unknown command.
No target in view!
Unknown command.
No target in view!
Unknown command.
No target in view!
Unknown command.
No target in view!
Something hits you.
You miss something. Something hits you.
You scratch something. You barely miss something. Something hits you!
You scratch something. You miss something. Something hits you.
You barely miss something. Something hits you!
* * * LOW HITPOINT WARNING * * *
You closely miss something. You claw something! Something hits you.
* * * LOW HITPOINT WARNING * * *
You claw something! Something hits you.
* * * LOW HITPOINT WARNING * * *
You miss something. You claw something!
You hear some strange, mumbled words.
A magic dart appears from out of thin air!
The magic dart hits you.
You die...

#...P.. #. #.#.P.. #
.... #.####. .## ##
##.#.#.##. ## .....
......# ...# ##
#.#.##.#.#.#. #..###.
........#...##..#)..
#{#.=....#.##.)..#.
#.@..?.#.#.......#.
#...#........##....#.
#.#.#†#.##.#.##..#...
..
#..................
#.#
#.#.##.###.##...... .
..........?.........
#.#.##.###.####....##
#.#.##.###.####.##...
.................†..#


There were no monsters in sight!

Vanquished Creatures
  A worm (D:2)
  A dart slug (D:1)
  4 endoplasms (D:1)
  3 giant cockroaches
  7 goblins
  3 hobgoblins (D:1)
  3 jackals (D:1)
  A kobold (D:1)
  A quokka (D:2)
  7 ball pythons
  A bat (D:1)
  3 frilled lizards (D:1)
  4 rats (D:1)
39 creatures vanquished.

Vanquished Creatures (others)
  3 fungi (D:2)
  3 toadstools (D:2)
6 creatures vanquished.

Grand Total: 45 creatures vanquished

Notes
Turn   | Place    | Note
-------+----------+-------------------------------------------
     0 | D:1      | Darius099 the Troll Monk began the quest for the Orb.
     0 | D:1      | Reached XP level 1. HP: 22/22 MP: 0/0
   109 | D:1      | Reached XP level 2. HP: 29/29 MP: 1/1
   355 | D:1      | Reached XP level 3. HP: 36/36 MP: 2/2
   897 | D:2      | Noticed Sigmund
   915 | D:2      | HP: 1/36 [something (5)]
   917 | D:2      | Killed from afar by Sigmund

Illustrated notes

Levels and vault maps discovered:
D:1:      tarquinn_simple_flora_water_b, layout_basic, minmay_pentomino_x2
D:2:      wander_river, layout_rooms, dk_noncrumbling_3,
          minmay_gold_behind_fungi, minmay_diced_spiral, uniq_sigmund

Action                     || total
---------------------------++-------
  Melee: Unarmed           ||    98
         Punch             ||     2
   Stab: Sleeping          ||     3
 Armour: Robe              ||    34
  Dodge: Dodged            ||    39

Table legend: (Time is in decaauts)
 A = Elapsed time spent in this place.
 B = Non-inter-level travel time spent in this place.
 C = Inter-level travel time spent in this place.
 D = Time resting spent in this place.
 E = Time spent auto-exploring this place.
 F = Levels seen in this place.
 G = Mean time per level.
                   A        B        C        D        E       F      G
               +--------+--------+--------+--------+--------+-----+--------+
         Total |    910 |    896 |     14 |     15 |    611 |   2 |  455.0 |
       Dungeon |    910 |    896 |     14 |     15 |    611 |   2 |  455.0 |
               +--------+--------+--------+--------+--------+-----+--------+

Top non-repeatable levels by time:
     D:1: 677 daAuts
     D:2: 233 daAuts
